 Dungeon Crawl Stone Soup version 0.31-a0-1300-gb6740aa4e6 (webtiles) character file.

Game seed: 4978607934784837843

113 night the Ruffian (level 4, -5/29 HPs)
             Began as an Octopode Shapeshifter on Dec 18, 2023.
             Killed by divine providence
             ... invoked by an orc priest
              (11 damage)
             ... on level 3 of the Dungeon.
             The game lasted 00:03:00 (1497 turns).

night the Ruffian (Octopode Shapeshifter)           Turns: 1497, Time: 00:03:01

Health: -5/29      AC:  1    Str: 15    XL:     4   Next: 96%
Magic:  4/4        EV: 13    Int: 12    God:
Gold:   95         SH:  0    Dex: 11    Spells: 3/3 levels left

rFire   . .          .
                       - Unarmed
rCold   . . .        (no shield)
rNeg    . . .        (helmet currently unavailable)
rPois   .            (no amulet)
rElec   .            (no ring)
rCorr   .            (no ring)
SInv    .            (no ring)
Will    .....        (no ring)
Stlth   ++           (no ring)
HPRegen 0.24/turn    (no ring)
MPRegen 0.09/turn    (no ring)
                     (no ring)

%: no passive effects
@: beast-form
A: beast (slay +1), almost no armour, amphibious, 8 rings, camouflage 1,
gelatinous body 1, (nimble swimmer 1), tentacles
a: Begin Untransformation


You were on level 3 of the Dungeon.
You were a hulking beast.
You visited 1 branch of the dungeon, and saw 3 of its levels.

You collected 95 gold pieces.

Inventory:

Missiles
 h - 9 stones
Jewellery
 j - a ring of resist corrosion
Talismans
 b - a beast talisman
 c - a flux talisman
 r - a blade talisman
Scrolls
 g - a scroll of blinking {unknown}
 i - a scroll of immolation {unknown}
 m - a scroll of identify {unknown}
 n - a scroll of teleportation {unknown}
 q - a scroll of summoning {unknown}
 s - a scroll of poison {unknown}
Potions
 a - a potion of lignification
 d - a potion of enlightenment {unknown}
 e - 2 potions of mutation {unknown}
 f - 4 potions of curing {unknown}
 k - a potion of resistance {unknown}
 l - 2 potions of degeneration {unknown}
 o - a potion of heal wounds {unknown}
 p - a potion of cancellation {unknown}


   Skills:
 + Level 2.1 Fighting
 + Level 2.7 Dodging
 * Level 4.1 Unarmed Combat
 + Level 3.4 Shapeshifting


You had 3 spell levels left.
You didn't know any spells.
Your spell library was empty.

Dungeon Overview and Level Annotations

Branches:
Dungeon (3/15)

Altars:


Innate Abilities, Weirdness & Mutations

You are a hulking beast.
Your limbs bulge with bestial killing power. (Slay +1)
You cannot wear most types of armour.
You are amphibious.
You can wear up to eight rings at the same time.
Your skin changes colour to match your surroundings (Stealth+).
Your rubbery body absorbs attacks. (AC +1, EV +1)
((You are camouflaged when in or above water. (Stealth+)))
You have tentacles for arms and can constrict up to eight enemies at once.


Message History

You constrict the plant. You bludgeon the plant! You tentacle-slap the plant.
The plant is moderately damaged.
You constrict the plant.
A nearby plant withers and dies.
You lose your grip on the plant.
Found a stone staircase leading up.
You see here a blade talisman.
r - a blade talisman
There is a stone staircase leading up here.
s - a scroll labelled FIWUEDA LUBAO 2 orc priests come into view.
The orc priest shouts!
You hear a shout! x2
The orc priest misses you.
You closely miss the orc priest.
The orc priest shouts!
Your grab misses the orc priest. You squeeze the orc priest!
The orc priest is heavily wounded.
The orc priest calls upon Beogh to heal the orc priest.
The orc priest is healed somewhat.
The orc priest hits you with a +0 hand axe.
You tentacle-slap the orc priest. You grab the orc priest.
The orc priest is severely wounded.
You constrict the orc priest.
The orc priest hits you with a +0 hand axe.
An orc comes into view. It is wielding a +0 trident.
You tentacle-slap the orc priest. You squeeze the orc priest.
You kill the orc priest!
Your Unarmed Combat skill increases to level 4!
You tentacle-slap the orc priest. Your grab misses the orc priest.
The orc priest is heavily wounded.
The orc priest hits you with a +0 dagger.
The orc hits you from afar with a +0 trident!
* * * LOW HITPOINT WARNING * * *
You are too injured to fight recklessly!
You are too injured to fight recklessly!
You tentacle-slap the orc priest. Your grab misses the orc priest.
The orc priest is severely wounded.
The orc priest invokes the aid of Beogh against you.
Beogh smites you!
You die...

.# #.#############
#.##..........#
#.##.#######.##
#.##.#######.#
#.##.#.....#.#
#.####..#.#.###.#.#
#.ooh...#.#.# #.#.#
######..#.#.# #.#.#
#..#.#.# #.#.#
######..#<#.# #.#.#
#.........#.# #.#.#
#.####..#.#.# #.#.#
#..#...# #.#.##
#..#######.#..#
#.............#


You could see an orc priest and an orc.

Vanquished Creatures
  An orc priest (D:3)
  4 adders (D:2)
  2 dart slugs
  6 ball pythons
  3 bats
  4 endoplasms
  A giant cockroach (D:1)
  4 goblins
  6 hobgoblins
  2 jackals (D:2)
  3 kobolds
  2 quokkas
  A frilled lizard (D:1)
  3 rats
42 creatures vanquished.

Notes
Turn   | Place    | Note
-------+----------+-------------------------------------------
     0 | D:1      | night the Octopode Shapeshifter began the quest for the
                  | Orb.
     0 | D:1      | Reached XP level 1. HP: 13/13 MP: 1/1
   125 | D:1      | Reached XP level 2. HP: 15/18 MP: 2/2
   775 | D:2      | Reached XP level 3. HP: 19/23 MP: 3/3
  1068 | D:2      | Reached XP level 4. HP: 18/29 MP: 4/4
  1159 | D:2      | Reached skill level 2 in Fighting
  1341 | D:3      | Identified the +1 war axe "Velec" {heavy, rN+ Str+3}
  1496 | D:3      | Reached skill level 4 in Unarmed Combat
  1497 | D:3      | Killed from afar by an orc priest

Illustrated notes

Levels and vault maps discovered:
D:1:      nagdon_arrival_zigzag_paths, layout_loops_ring, hangedman_decor_lopped
D:2:      layout_rooms, st_stairs_14
D:3:      layout_basic, biasface_ghost_orc_armoury, basic_ecumenical_altar,
          serial_bayou, serial_bayou_lagoon_a, serial_bayou_pond_c,
          serial_bayou_lake_a, serial_bayou_pond_d, serial_bayou_shore_a,
          uniq_robin, uniq_terence

Skill      XL: |  1  2  3  4 |
---------------+-------------+-----
Fighting       | 2 |  2.1
Unarmed Combat | 4 |  4.1
Dodging        | |  2.7
Shapeshifting  | |  3.4

Action                     |  1- 3 |  4- 6 || total
---------------------------+-------+-------++-------
  Melee: Unarmed           |    61 |    23 ||    84
         Constrict         |    11 |     5 ||    16
         Tentacles         |     8 |     8 ||    16
         Punch             |       |     2 ||     2
   Stab: Sleeping          |     5 |     1 ||     6
 Armour: Skin              |    23 |     5 ||    28
  Dodge: Dodged            |    31 |     8 ||    39

Table legend: (Time is in decaauts)
 A = Elapsed time spent in this place.
 B = Non-inter-level travel time spent in this place.
 C = Inter-level travel time spent in this place.
 D = Time resting spent in this place.
 E = Time spent auto-exploring this place.
 F = Levels seen in this place.
 G = Mean time per level.
                   A        B        C        D        E       F      G
               +--------+--------+--------+--------+--------+-----+--------+
         Total |   1491 |   1441 |     50 |     10 |   1164 |   3 |  497.0 |
       Dungeon |   1491 |   1441 |     50 |     10 |   1164 |   3 |  497.0 |
               +--------+--------+--------+--------+--------+-----+--------+

Top non-repeatable levels by time:
     D:1: 708 daAuts
     D:2: 615 daAuts
     D:3: 167 daAuts
